| TOP OF THE 1ST |
|
St. Louis Cardinals batting - Pitching for Chicago Cubs : LHP Unkei Wakamatsu
|
|
Pitching: LHP Unkei Wakamatsu
|
|
|
Batting: LHB Ichiro Toyota
|
0-0: Foul Ball, location: 2F 0-1: Swinging Strike 0-2: DOUBLE (Line Drive, 7LM, EV 114.4 MPH)
|
|
Batting: RHB Melvin Enriquez
|
0-0: Foul Ball, location: 2F 0-1: Ball 1-1: Called Strike 1-2: Fly out, F8 (Line Drive, 8RM, EV 96.2 MPH)
|
|
Batting: SHB Antoine Roux
|
0-0: Foul Ball, location: 2F 0-1: Ball 1-1: Ball 2-1: Called Strike 2-2: Foul Ball, location: 2F 2-2: Strikes out swinging
|
|
Batting: SHB Harry Hoop
|
0-0: Called Strike 0-1: Fly out, F8 (Flyball, 8LD, EV 90.0 MPH)
|
| Top of the 1st over - 0 runs, 1 hit, 0 errors, 1 left on base; St. Louis 0 - Chicago 0 |
| BOTTOM OF THE 1ST |
|
Chicago Cubs batting - Pitching for St. Louis Cardinals : LHP Danny Rivera
|
|
Pitching: LHP Danny Rivera
|
|
|
Batting: RHB Steve Bartman Jr.
|
0-0: Called Strike 0-1: Foul Ball, location: 2F 0-2: Ball 1-2: Foul Ball, location: 2F 1-2: Foul Ball, location: 2F 1-2: Ball 2-2: SINGLE (Groundball, 4M, EV 76.9 MPH) (infield hit)
|
|
Batting: RHB Heef Harted
|
0-0: Ball 1-0: Foul Ball, location: 2F 1-1: Grounds into double play, 5-4-3 (Groundball, 56, EV 81.2 MPH)
|
|
Batting: RHB Efrain Vargas
|
0-0: Called Strike 0-1: Called Strike 0-2: Ball 1-2: Ball 2-2: Ball 3-2: Strikes out swinging
|
| Bottom of the 1st over - 0 runs, 1 hit, 0 errors, 0 left on base; St. Louis 0 - Chicago 0 |
| TOP OF THE 2ND |
|
St. Louis Cardinals batting - Pitching for Chicago Cubs : LHP Unkei Wakamatsu
|
|
Batting: SHB Chris Blue
|
0-0: Called Strike 0-1: Ball 1-1: Fly out, F7 (Line Drive, 78M, EV 97.5 MPH)
|
|
Batting: RHB Rocky Campbell
|
0-0: Ground out 5-3 (Groundball, 56S, EV 88.1 MPH)
|
|
Batting: RHB Jordan Diaz
|
0-0: Foul Ball, location: 2F 0-1: Swinging Strike 0-2: Strikes out swinging
|
| Top of the 2nd over - 0 runs, 0 hits, 0 errors, 0 left on base; St. Louis 0 - Chicago 0 |
| BOTTOM OF THE 2ND |
|
Chicago Cubs batting - Pitching for St. Louis Cardinals : LHP Danny Rivera
|
|
Batting: RHB Alan Oxenrider
|
0-0: Ball 1-0: Ball 2-0: Ball 3-0: Called Strike 3-1: DOUBLE (Line Drive, 9LS, EV 91.9 MPH)
|
|
Batting: SHB Moe Lester
|
0-0: Ball 1-0: Ball 2-0: Swinging Strike 2-1: Ground out 5-3 (Groundball, 5L, EV 109.4 MPH)
|
|
Batting: LHB Kevin Norton
|
0-0: Ball 1-0: Foul Ball, location: 2F 1-1: Foul Ball, location: 2F 1-2: Foul Ball, location: 2F 1-2: Strikes out looking
|
|
Batting: LHB Barend van der Kamp
|
0-0: Ground out 1-3 (Groundball, 34S, EV 72.5 MPH)
|
| Bottom of the 2nd over - 0 runs, 1 hit, 0 errors, 1 left on base; St. Louis 0 - Chicago 0 |
| TOP OF THE 3RD |
|
St. Louis Cardinals batting - Pitching for Chicago Cubs : LHP Unkei Wakamatsu
|
|
Batting: RHB Klaas Meij
|
0-0: Called Strike 0-1: Ball 1-1: Ball 2-1: Swinging Strike 2-2: Ball 3-2: Foul Ball, location: 2F 3-2: Foul Ball, location: 2F 3-2: Fly out, F9 (Flyball, 89M, EV 78.1 MPH)
|
|
Batting: LHB Armando Carbajal
|
0-0: Called Strike 0-1: Called Strike 0-2: Foul Ball, location: 2F 0-2: Ball 1-2: Foul Ball, location: 2F 1-2: Strikes out swinging
|
|
Batting: LHB Ichiro Toyota
|
0-0: Ball 1-0: DOUBLE (Line Drive, 9LM, EV 103.8 MPH)
|
|
Batting: RHB Melvin Enriquez
|
0-0: Foul Ball, location: 2F 0-1: Ball 1-1: Foul Ball, location: 2F 1-2: TRIPLE (Flyball, 7LD, EV 94.4 MPH) Ichiro Toyota scores
|
|
Batting: SHB Antoine Roux
|
0-0: Foul Ball, location: 2F 0-1: Foul Ball, location: 2F 0-2: Ball 1-2: Ball 2-2: Ball 3-2: DOUBLE (Line Drive, 3D, EV 98.1 MPH) Melvin Enriquez scores
|
|
Batting: SHB Harry Hoop
|
0-0: Called Strike 0-1: Foul Ball, location: 2F 0-2: Foul Ball, location: 2F 0-2: Foul Ball, location: 2F 0-2: Fly out, F8 (Flyball, 78M, EV 88.8 MPH)
|
| Top of the 3rd over - 2 runs, 3 hits, 0 errors, 1 left on base; St. Louis 2 - Chicago 0 |
| BOTTOM OF THE 3RD |
|
Chicago Cubs batting - Pitching for St. Louis Cardinals : LHP Danny Rivera
|
|
Batting: SHB Tim Hone
|
0-0: Ball 1-0: Ground out 6-3 (Groundball, 6, EV 84.4 MPH)
|
|
Batting: LHB Andy Arbuckle
|
0-0: Called Strike 0-1: Ball 1-1: Ball 2-1: Foul Ball, location: 2F 2-2: Foul Ball, location: 2F 2-2: Ball 3-2: Ground out 1-3 (Groundball, 25, EV 64.4 MPH)
|
|
Batting: RHB Steve Bartman Jr.
|
0-0: Swinging Strike 0-1: Ball 1-1: Ball 2-1: Ball 3-1: Base on Balls
|
|
Batting: RHB Heef Harted
|
0-0: Ball 1-0: Called Strike 1-1: SINGLE (Flyball, 4D, EV 90.0 MPH) Steve Bartman Jr. to second Runner from 2nd tries for 3rd, SAFE, throw by CF made to third
|
|
Batting: RHB Efrain Vargas
|
0-0: Ball 1-0: Ground out 4-3 (Groundball, 34, EV 98.1 MPH)
|
| Bottom of the 3rd over - 0 runs, 1 hit, 0 errors, 2 left on base; St. Louis 2 - Chicago 0 |
| TOP OF THE 4TH |
|
St. Louis Cardinals batting - Pitching for Chicago Cubs : LHP Unkei Wakamatsu
|
|
Batting: SHB Chris Blue
|
0-0: Ball 1-0: SINGLE (Line Drive, 4D, EV 97.5 MPH)
|
|
Batting: RHB Rocky Campbell
|
0-0: Ball 1-0: Swinging Strike 1-1: Ball 2-1: Sac Bunt to 5S - play at first, batter OUT! 5-3 Chris Blue to second
|
|
Batting: RHB Jordan Diaz
|
0-0: Intentional Walk
|
|
Batting: RHB Klaas Meij
|
0-0: Called Strike 0-1: Swinging Strike 0-2: Ball 1-2: Strikes out swinging
|
|
Batting: LHB Armando Carbajal
|
0-0: Ground out 4-3 (Groundball, 4, EV 78.1 MPH)
|
| Top of the 4th over - 0 runs, 1 hit, 0 errors, 2 left on base; St. Louis 2 - Chicago 0 |
| BOTTOM OF THE 4TH |
|
Chicago Cubs batting - Pitching for St. Louis Cardinals : LHP Danny Rivera
|
|
Batting: RHB Alan Oxenrider
|
0-0: Ball 1-0: Called Strike 1-1: Ball 2-1: Ball 3-1: Foul Ball, location: 2F 3-2: Strikes out swinging
|
|
Batting: SHB Moe Lester
|
0-0: Called Strike 0-1: Swinging Strike 0-2: Foul Ball, location: 2F 0-2: Foul Ball, location: 2F 0-2: Foul Ball, location: 2F 0-2: Ball 1-2: Foul Ball, location: 2F 1-2: Ball 2-2: Ball 3-2: Foul Ball, location: 2F 3-2: Foul Ball, location: 2F 3-2: Foul Ball, location: 2F 3-2: Ground out 5-3 (Groundball, 56S, EV 91.2 MPH)
|
|
Batting: LHB Kevin Norton
|
0-0: Called Strike 0-1: Ball 1-1: Fly out, F2 (Popup, 25F, EV 77.5 MPH)
|
| Bottom of the 4th over - 0 runs, 0 hits, 0 errors, 0 left on base; St. Louis 2 - Chicago 0 |
| TOP OF THE 5TH |
|
St. Louis Cardinals batting - Pitching for Chicago Cubs : LHP Unkei Wakamatsu
|
|
Batting: LHB Ichiro Toyota
|
0-0: Called Strike 0-1: Ball 1-1: Foul Ball, location: 2F 1-2: Strikes out swinging
|
|
Batting: RHB Melvin Enriquez
|
0-0: Called Strike 0-1: Ball 1-1: SINGLE (Line Drive, 7S, EV 111.9 MPH)
|
|
Batting: SHB Antoine Roux
|
0-0: Called Strike 0-1: Called Strike 0-2: Strikes out swinging
|
|
Batting: SHB Harry Hoop
|
0-0: Ball Wild Pitch! Melvin Enriquez to second 1-0: Ball 2-0: Ball 3-0: Base on Balls
|
|
Batting: SHB Chris Blue
|
0-0: Ball 1-0: Swinging Strike 1-1: Ball 2-1: Fly out, F8 (Line Drive, 8RM, EV 95.6 MPH)
|
| Top of the 5th over - 0 runs, 1 hit, 0 errors, 2 left on base; St. Louis 2 - Chicago 0 |
| BOTTOM OF THE 5TH |
|
Chicago Cubs batting - Pitching for St. Louis Cardinals : LHP Danny Rivera
|
|
Batting: LHB Barend van der Kamp
|
0-0: Ball 1-0: DOUBLE (Line Drive, 78XD, EV 103.8 MPH)
|
|
Batting: SHB Tim Hone
|
0-0: Called Strike 0-1: Ball 1-1: Foul Ball, location: 2F 1-2: Foul Ball, location: 2F 1-2: Fly out, F9 (Flyball, 89S, EV 81.2 MPH)
|
|
Batting: LHB Andy Arbuckle
|
0-0: Ball 1-0: Ground out 4-3 (Groundball, 4, EV 81.9 MPH) Barend van der Kamp to third
|
|
Batting: RHB Steve Bartman Jr.
|
0-0: Ball 1-0: Ball 2-0: Foul Ball, location: 2F 2-1: Ball 3-1: Foul Ball, location: 2F 3-2: Base on Balls
|
|
Batting: RHB Heef Harted
|
0-0: Foul Ball, location: 2F 0-1: Ball 1-1: Called Strike 1-2: Ball 2-2: Strikes out looking
|
| Bottom of the 5th over - 0 runs, 1 hit, 0 errors, 2 left on base; St. Louis 2 - Chicago 0 |
| TOP OF THE 6TH |
|
St. Louis Cardinals batting - Pitching for Chicago Cubs : LHP Unkei Wakamatsu
|
|
Batting: RHB Rocky Campbell
|
0-0: Swinging Strike 0-1: Ball 1-1: Ball 2-1: Swinging Strike 2-2: Ball 3-2: Strikes out looking
|
|
Batting: RHB Jordan Diaz
|
0-0: Called Strike 0-1: Foul Ball, location: 2F 0-2: Strikes out swinging
|
|
Batting: RHB Klaas Meij
|
0-0: Ball 1-0: Ball 2-0: Foul Ball, location: 2F 2-1: SINGLE (Groundball, 56, EV 103.8 MPH)
|
|
Batting: LHB Armando Carbajal
|
0-0: Ball 1-0: Ball 2-0: Ground out 2-3 (Groundball, 2R, EV 67.5 MPH)
|
| Top of the 6th over - 0 runs, 1 hit, 0 errors, 1 left on base; St. Louis 2 - Chicago 0 |
| BOTTOM OF THE 6TH |
|
Chicago Cubs batting - Pitching for St. Louis Cardinals : LHP Danny Rivera
|
|
Batting: RHB Efrain Vargas
|
0-0: Called Strike 0-1: Ball 1-1: Ball 2-1: Ball 3-1: Base on Balls
|
|
Batting: RHB Alan Oxenrider
|
0-0: Called Strike 0-1: Swinging Strike 0-2: Strikes out swinging
|
|
Pitching: RHP Derek White
|
|
|
Batting: SHB Moe Lester
|
0-0: Swinging Strike 0-1: Foul Ball, location: 2F 0-2: Ball 1-2: Foul Ball, location: 2F 1-2: Foul Ball, location: 2F 1-2: Grounds into double play, 4-6-3 (Groundball, 4, EV 81.2 MPH)
|
| Bottom of the 6th over - 0 runs, 0 hits, 0 errors, 0 left on base; St. Louis 2 - Chicago 0 |
| TOP OF THE 7TH |
|
St. Louis Cardinals batting - Pitching for Chicago Cubs : LHP Unkei Wakamatsu
|
|
Batting: LHB Ichiro Toyota
|
0-0: Ball 1-0: Called Strike 1-1: Swinging Strike 1-2: Ball 2-2: DOUBLE (Line Drive, 78M, EV 90.6 MPH)
|
|
Batting: RHB Melvin Enriquez
|
0-0: Called Strike 0-1: Ball 1-1: Ball 2-1: Ball 3-1: Base on Balls
|
|
Batting: SHB Antoine Roux
|
0-0: Swinging Strike 0-1: Ball 1-1: Swinging Strike 1-2: Foul Ball, location: 2F 1-2: Foul Ball, location: 2F 1-2: Ball 2-2: Ball 3-2: SINGLE (Line Drive, 7LS, EV 106.2 MPH) Ichiro Toyota to third Melvin Enriquez to second Runner from 3rd tries for Home, SAFE, throw by LF to home
|
|
Batting: SHB Harry Hoop
|
0-0: Called Strike 0-1: Ball 1-1: Ball 2-1: Foul Ball, location: 2F 2-2: Strikes out swinging
|
|
Batting: SHB Chris Blue
|
0-0: Called Strike 0-1: Foul Ball, location: 2F 0-2: Foul Ball, location: 2F 0-2: Ball 1-2: Ball 2-2: Ball 3-2: Foul Ball, location: 2F 3-2: SINGLE (Groundball, 56S, EV 70.6 MPH) (infield hit) Melvin Enriquez to third Antoine Roux to second
|
|
Batting: RHB Rocky Campbell
|
0-0: Called Strike 0-1: Called Strike 0-2: Ball 1-2: Grounds into fielders choice 4-2 (Groundball, 4, EV 101.9 MPH) Antoine Roux to third Chris Blue to second
|
|
Batting: RHB Jordan Diaz
|
0-0: Ball 1-0: Foul Ball, location: 2F 1-1: Called Strike 1-2: Foul Ball, location: 2F 1-2: Strikes out swinging
|
| Top of the 7th over - 1 run, 3 hits, 0 errors, 3 left on base; St. Louis 3 - Chicago 0 |
| BOTTOM OF THE 7TH |
|
Chicago Cubs batting - Pitching for St. Louis Cardinals : RHP Derek White
|
|
Batting: LHB Kevin Norton
|
0-0: SINGLE (Line Drive, 6D, EV 104.4 MPH)
|
|
Batting: LHB Barend van der Kamp
|
0-0: Called Strike 0-1: Foul Ball, location: 2F 0-2: Ball 1-2: Ball 2-2: Ball 3-2: Strikes out swinging
|
|
Batting: SHB Tim Hone
|
0-0: Ball 1-0: Ball 2-0: Ball 3-0: Called Strike 3-1: Foul Ball, location: 2F 3-2: Strikes out swinging Kevin Norton steals 2nd base (no throw) Batter strikes out.
|
|
Batting: LHB Andy Arbuckle
|
0-0: Ball 1-0: Called Strike 1-1: Foul Ball, location: 2F 1-2: Ground out 4-3 (Groundball, 4S, EV 72.5 MPH)
|
| Bottom of the 7th over - 0 runs, 1 hit, 0 errors, 1 left on base; St. Louis 3 - Chicago 0 |
| TOP OF THE 8TH |
|
St. Louis Cardinals batting - Pitching for Chicago Cubs : LHP Unkei Wakamatsu
|
|
Batting: RHB Klaas Meij
|
0-0: Called Strike 0-1: Ground out 5-3 (Groundball, 56, EV 88.8 MPH)
|
|
Batting: LHB Armando Carbajal
|
0-0: Foul Ball, location: 2F 0-1: Ground out 4-3 (Groundball, 4, EV 93.1 MPH)
|
|
Batting: LHB Ichiro Toyota
|
0-0: Called Strike 0-1: Foul Ball, location: 2F 0-2: Foul Ball, location: 2F 0-2: Foul Ball, location: 2F 0-2: Ball 1-2: Strikes out swinging
|
| Top of the 8th over - 0 runs, 0 hits, 0 errors, 0 left on base; St. Louis 3 - Chicago 0 |
| BOTTOM OF THE 8TH |
|
Chicago Cubs batting - Pitching for St. Louis Cardinals : RHP Derek White
|
|
Batting: RHB Steve Bartman Jr.
|
0-0: Called Strike 0-1: Ball 1-1: Swinging Strike 1-2: Foul Ball, location: 2F 1-2: SINGLE (Groundball, 56D, EV 95.0 MPH)
|
|
Batting: RHB Heef Harted
|
0-0: Called Strike 0-1: Ball 1-1: Foul Ball, location: 2F 1-2: Foul Ball, location: 2F 1-2: Foul Ball, location: 2F 1-2: Hit by Pitch Steve Bartman Jr. to second
|
|
Batting: RHB Efrain Vargas
|
0-0: Fielders Choice at 2nd, 3-6 (Groundball, 34, EV 81.9 MPH) Steve Bartman Jr. to third
|
|
Pinch Hitting: SHB Steve DiDomenico
|
0-0: Ball 1-0: Foul Ball, location: 2F 1-1: Foul Ball, location: 2F 1-2: Ground out 4-3 (Groundball, 34S, EV 87.5 MPH) Efrain Vargas to second
|
|
Batting: SHB Moe Lester
|
0-0: Ball 1-0: Ball 2-0: Ball 3-0: Called Strike 3-1: Swinging Strike 3-2: Strikes out swinging
|
| Bottom of the 8th over - 0 runs, 1 hit, 0 errors, 2 left on base; St. Louis 3 - Chicago 0 |
| TOP OF THE 9TH |
|
St. Louis Cardinals batting - Pitching for Chicago Cubs : LHP Unkei Wakamatsu
|
|
Pitching: LHP Mike Alexander
|
|
|
Now at 3B: Adam Kelliher
|
|
|
Batting: RHB Melvin Enriquez
|
0-0: Called Strike 0-1: Foul Ball, location: 2F 0-2: Foul Ball, location: 2F 0-2: Ball 1-2: Ball 2-2: Foul Ball, location: 2F 2-2: Ball 3-2: Fly out, F4 (Popup, 4MD, EV 42.5 MPH)
|
|
Batting: SHB Antoine Roux
|
0-0: Hit by Pitch
|
|
Batting: SHB Harry Hoop
|
Pickoff Throw to First - Out! 1-3 CS 0-0: Called Strike 0-1: Ball 1-1: Swinging Strike 1-2: Ball 2-2: Ground out 4-3 (Groundball, 4, EV 82.5 MPH)
|
| Top of the 9th over - 0 runs, 0 hits, 0 errors, 0 left on base; St. Louis 3 - Chicago 0 |
| BOTTOM OF THE 9TH |
|
Chicago Cubs batting - Pitching for St. Louis Cardinals : RHP Derek White
|
|
Pitching: RHP Bryan Banana
|
|
|
Batting: LHB Kevin Norton
|
0-0: Swinging Strike 0-1: Swinging Strike 0-2: Ball 1-2: Foul Ball, location: 2F 1-2: Ball 2-2: DOUBLE (Line Drive, 5D, EV 111.2 MPH)
|
|
Batting: LHB Barend van der Kamp
|
0-0: Foul Ball, location: 2F 0-1: Foul Ball, location: 2F 0-2: Ball 1-2: Ball 2-2: SINGLE (Flyball, 78M, EV 100.6 MPH) Kevin Norton to third
|
|
Batting: SHB Tim Hone
|
0-0: Ball 1-0: Ball 2-0: Foul Ball, location: 2F 2-1: Grounds into double play, 5-4-3 (Groundball, 5, EV 103.1 MPH) Kevin Norton scores
|
|
Batting: LHB Andy Arbuckle
|
0-0: Called Strike 0-1: Hit by Pitch
|
|
Batting: RHB Steve Bartman Jr.
|
0-0: Swinging Strike 0-1: Swinging Strike 0-2: Ball 1-2: Ball 2-2: Strikes out swinging
|
| Bottom of the 9th over - 1 run, 2 hits, 0 errors, 1 left on base; St. Louis 3 - Chicago 1 |
|